 Dungeon Crawl Stone Soup version 0.21.1-1-g345015f (webtiles) character file.

73360 Harpaggios the Spear-Bearer (level 15, -4/106 HPs)
             Began as a Demonspawn Gladiator on Mar 7, 2018.
             Was the Champion of Okawaru.
             Slain by the 27-headed Lernaean hydra (8 damage)
             ... on level 4 of the Swamp on Mar 9, 2018.
             The game lasted 02:58:31 (19520 turns).

Harpaggios the Spear-Bearer (Demonspawn Gladiator) Turns: 19520, Time: 02:58:35

Health: -4/106     AC: 12    Str: 20    XL:     15   Next: 3%
Magic:  0/23       EV: 26    Int: 17    God:    Okawaru [******]
Gold:   1293       SH:  6    Dex: 21    Spells: 14/14 levels left

rFire    . . .     SeeInvis .   w - +6 spear of Icawik {vamp, Int+5}
rCold    + + +     Gourm    .   (no shield)
rNeg     . . .     Faith    .   v - +3 ring mail of Compression {Regen+ Dex+3 Slay+3}
rPois    +         Spirit   +   (helmet unavailable)
rElec    +         Reflect  .   u - +1 cloak of Starlight {rElec rC+ EV+4 Stlth--}
rCorr    .         Harm     .   (no gloves)
MR       +....                  p - +1 pair of boots of the Trilobite {rPois rC+ Regen+}
Stlth    ..........             (no amulet)
HPRegen  1.07/turn              o - ring of protection from cold
MPRegen  0.36/turn              r - +5 ring of strength

@: about to teleport, very slow
A: horns 3, large bone plates 2, frail 1, high mp 1, spiny 1, wild magic 1,
magic shield, magic regeneration
a: Heroism, Finesse, Renounce Religion


You were on level 4 of the Swamp.
You worshipped Okawaru.
Okawaru was exalted by your worship.
You were not hungry.

You visited 4 branches of the dungeon, and saw 18 of its levels.
You also visited: Ossuary and Ice Cave.

You collected 1293 gold pieces.

Inventory:

Hand Weapons
 w - the +6 spear of Icawik (weapon) {vamp, Int+5}
   (Okawaru gifted it to you in an ice cave)

   It inflicts no extra harm, but heals its wielder when it wounds a living foe.
   It affects your intelligence (+5).
 B - the +5 halberd of the Modern Tales {speed, *Noise +Rage Str+2 Dex+3}
   (Okawaru gifted it to you on level 2 of the Swamp)

   Attacks with this weapon are significantly faster.
   It affects your strength (+2).
   It affects your dexterity (+3).
   It lets you go berserk.
   It may make noises in combat.
Missiles
 c - 4 steel javelins (quivered)
 h - 7 poisoned tomahawks
 y - 11 tomahawks of returning
 D - 9 poisoned javelins
Armour
 p - the +1 pair of boots of the Trilobite (worn) {rPois rC+ Regen+}
   (Okawaru gifted it to you in an ice cave)

   It protects you from cold.
   It protects you from poison.
   It increases your rate of regeneration.
 u - the +1 cloak of Starlight (worn) {rElec rC+ EV+4 Stlth--}
   (You acquired it on level 3 of the Swamp)

   It affects your evasion (+4).
   It protects you from cold.
   It insulates you from electricity.
   It makes you much less stealthy.
 v - the +3 ring mail of Compression (worn) {Regen+ Dex+3 Slay+3}
   (You found it on level 2 of the Lair of Beasts)

   It affects your dexterity (+3).
   It affects your accuracy and damage with ranged weapons and melee attacks
   (+3).
   It increases your rate of regeneration.
 E - a +5 ring mail of positive energy
Jewellery
 o - a ring of protection from cold (left hand)
 r - a +5 ring of strength (right hand)
 z - an uncursed ring of protection from cold
 C - an uncursed ring of wizardry
Wands
 F - a wand of paralysis (12)
Scrolls
 e - a scroll of teleportation
 j - 4 scrolls of amnesia
 k - 3 scrolls of magic mapping
 l - 2 scrolls of enchant armour
 m - 3 scrolls of identify
 t - 3 scrolls of enchant weapon
 A - a scroll of fear
Potions
 a - 3 potions of curing
 g - 6 potions of flight
 n - a potion of might
 q - 2 potions of brilliance
 s - 4 potions of haste
Miscellaneous
 x - a lamp of fire
Comestibles
 f - 25 rations


   Skills:
 - Level 11.0 Fighting
 - Level 14.0 Polearms
 - Level 8.0 Throwing
 + Level 13.8 Dodging
 - Level 9.0 Invocations
 - Level 6.3 Evocations


You had 14 spell levels left.
You didn't know any spells.

Dungeon Overview and Level Annotations

Branches:
Dungeon (9/15)             Temple (0/1) D:7            Lair (4/6) D:8
  Swamp (4/4) Lair:4        Snake (1/4) Lair:2
    Orc: D:9-12

Altars:
Dithmenos
Elyvilon
Okawaru
Ru
Vehumet
Wu Jian
The Shining One

Annotations:
D:5 Anonimus's ghost, novice GnFi
D:8 Gastronok
Lair:1 exclusion: oklob plant, Nergalle
Swamp:3 exclusion: Roxanne, Roxanne
Swamp:4 Lernaean hydra


Innate Abilities, Weirdness & Mutations

You have a pair of large horns on your head.
You are mostly covered in large bone plates. (SH +6)
You are partially covered in sharp spines.
When hurt, damage is shared between your health and your magic reserves.
You regenerate magic rapidly.
You are frail. (-10% HP)
You have an increased reservoir of magic. (+10% MP)
Your spells are a little harder to cast, but a little more powerful.


Message History

The 27-headed Lernaean hydra barely misses you.
The 27-headed Lernaean hydra closely misses you. x2
The 27-headed Lernaean hydra bites you!
* * * LOW HITPOINT WARNING * * *
The 27-headed Lernaean hydra bites you!
* * * LOW HITPOINT WARNING * * *
The 27-headed Lernaean hydra bites you.
* * * LOW HITPOINT WARNING * * *
The 27-headed Lernaean hydra misses you.
You block the 27-headed Lernaean hydra's attack.
The 27-headed Lernaean hydra bites you!
* * * LOW HITPOINT WARNING * * *
The 27-headed Lernaean hydra closely misses you.
The 27-headed Lernaean hydra bites you but does no damage.
The 27-headed Lernaean hydra bites you!
* * * LOW HITPOINT WARNING * * *
The 27-headed Lernaean hydra completely misses you.
The 27-headed Lernaean hydra misses you.
The 27-headed Lernaean hydra bites you!
You die...

....≈#≈≈♣ #≈≈≈#≈.≈≈≈#
.≈#≈..≈≈♣ ##≈#.≈.#.# §
.§..♣.#≈♣ #≈.≈≈#.≈# ≈≈
....≈.♣≈♣♣ #≈≈#≈≈.≈## ≈.≈
♣..≈≈♣♣♣. #≈≈≈[≈.#≈#≈≈
.≈.≈≈♣♣.≈# #≈#≈.≈≈≈...#
♣♣.♣♣♣.#######≈≈#..≈≈≈#≈≈
.).≈♣♣...##.≈≈≈≈#D#≈.#≈≈≈
.....≈...[≈...†.@≈.≈.....
≈♣≈.≈....%#.≈..≈≈.≈#.≈≈..
♣♣...≈♣.####≈.≈≈§≈≈#≈≈≈≈≈
♣♣.≈.♣♣♣.≈ ####≈≈####≈###
♣♣...≈≈♣♣♣.≈ #### ##
.§....≈♣♣♣ ♣♣♣♣♣ ♣♣♣♣
...#.♣♣♣≈♣ ♣♣≈♣♣ ♣♣≈≈♣♣♣♣♣
).....♣♣≈♣♣♣♣≈≈≈♣♣♣≈...♣♣≈♣♣
.≈....#≈..♣♣.≈≈≈≈♣≈§.♣#...≈♣


You could see the 27-headed Lernaean hydra.

Vanquished Creatures
  5 thorn hunters
  A frost giant (IceCv)
  14 hydras
  2 ghost crabs (Swamp:4)
  14 alligators
  3 death yaks
  3 spriggan druids
  7 swamp dragons (Swamp:4)
  A sea snake (Lair:2)
  A shambling mangrove (Swamp:2)
  A manticore (D:7)
  A black mamba (Lair:3)
  An ice statue (IceCv)
  A torpor snail (Lair:3)
  12 spiny frogs
  2 rime drakes (Lair:3)
  A komodo dragon (Swamp:1)
  13 polar bears
  3 tyrant leeches
  7 bog bodies
  5 hornets
  8 slime creatures (Swamp:3)
  14 blink frogs
  2 dream sheep (D:8)
  4 hippogriffs
  A wyvern (Lair:3)
  6 spriggans
  A basilisk (D:8)
  38 yaks
  23 vampire mosquitoes
  Menkaure (D:6)
  17 swamp worms
  A naga (Lair:2)
  17 insubstantial wisps
  6 water moccasins
  6 porcupines
  An ice beast (D:7)
  2 black bears
  An orc warrior (D:8)
  15 swamp drakes
  2 ogres
  2 phantoms
  The ghost of Mirai the Skirmisher, an amateur DsFi (D:3)
  17 wolves (IceCv)
  7 crocodiles
  A centaur (D:8)
  3 big kobolds (D:8)
  4 bullfrogs
  6 scorpions
  2 killer bees
  2 howler monkeys
  6 crimson imps
  A jelly (D:8)
  5 centaur zombies
  A quasit (D:5)
  4 human zombies (Ossuary)
  8 hounds
  A bullfrog skeleton (D:6)
  An orc priest (D:4)
  3 orc wizards
  5 iguanas
  7 worker ants
  4 hell rats (Lair:2)
  A big kobold zombie (Ossuary)
  A hound zombie (D:7)
  3 mummies (Ossuary)
  4 gnolls (D:4)
  13 adders
  7 scorpion zombies (Ossuary)
  2 shadow imps (D:7)
  An adder skeleton (D:4)
  15 worms
  2 dart slugs
  7 leopard geckos
  24 orcs
  7 bats
  2 giant cockroaches
  A gnoll zombie (Ossuary)
  7 goblins
  6 hobgoblins
  13 jackals
  6 quokkas
  A frilled lizard (D:1)
  3 goblin zombies (Ossuary)
  2 hobgoblin zombies (Ossuary)
  6 kobolds
  4 kobold zombies (Ossuary)
  4 orc zombies (Ossuary)
  8 rats
505 creatures vanquished.

Vanquished Creatures (others)
  A yak (IceCv)
  A scorpion (Ossuary)
  4 briar patches (Swamp:4)
  A bush (D:8)
  5 fungi
  22 plants
  8 toadstools (Swamp:3)
42 creatures vanquished.

Grand Total: 547 creatures vanquished

Notes
Turn   | Place    | Note
-------+----------+-------------------------------------------
     0 | D:1      | Harpaggios the Demonspawn Gladiator began the quest for the Orb.
     0 | D:1      | Reached XP level 1. HP: 16/16 MP: 1/1
   221 | D:1      | Gained mutation: You have a pair of small horns on your head. [demonic ancestry]
   221 | D:1      | Reached XP level 2. HP: 20/22 MP: 2/2
   744 | D:1      | Reached XP level 3. HP: 28/28 MP: 3/3
   787 | D:1      | Reached skill level 3 in Polearms
  1085 | D:2      | Found a white marble altar of Elyvilon.
  1278 | D:2      | Found an iron altar of Okawaru.
  1744 | D:2      | Gained mutation: You have a pair of horns on your head. [demonic ancestry]
  1744 | D:2      | Reached XP level 4. HP: 35/35 MP: 4/4
  1884 | D:2      | Found a sacrificial altar of Ru.
  1968 | D:2      | Became a worshipper of Warmaster Okawaru
  2242 | D:3      | Found a shadowy altar of Dithmenos.
  2466 | D:3      | Gained mutation: You have a pair of large horns on your head. [demonic ancestry]
  2466 | D:3      | Reached XP level 5. HP: 34/41 MP: 5/5
  2473 | D:3      | Noticed Mirai's ghost (amateur DsFi)
  2710 | D:4      | Noticed a phantom
  2732 | D:4      | Reached skill level 4 in Polearms
  2773 | D:4      | Killed a phantom
  2773 | D:4      | Gained mutation: When hurt, damage is shared between your health and your magic reserves. [demonic ancestry]
  2773 | D:4      | Reached XP level 6. HP: 30/47 MP: 6/6
  2826 | D:4      | Reached skill level 5 in Polearms
  2924 | D:3      | Killed Mirai's ghost
  2924 | D:3      | Reached * piety under Okawaru
  3590 | D:4      | Reached skill level 6 in Polearms
  3590 | D:4      | Reached XP level 7. HP: 52/52 MP: 7/7
  3975 | D:4      | Gained mutation: You are frail. (-10% HP) [potion of mutation]
  3975 | D:4      | Gained mutation: Your spells are a little harder to cast, but a little more powerful. [potion of mutation]
  3975 | D:4      | Gained mutation: You have an increased reservoir of magic. (+10% MP) [potion of mutation]
  4100 | D:5      | Entered Level 5 of the Dungeon
  4133 | D:5      | Reached skill level 7 in Polearms
  4185 | D:5      | Found a radiant altar of Vehumet.
  4338 | D:5      | Noticed Anonimus's ghost (novice GnFi)
  4675 | D:5      | Reached ** piety under Okawaru
  4765 | D:6      | Noticed Menkaure
  4774 | D:5      | Gained mutation: You regenerate magic rapidly. [demonic ancestry]
  4774 | D:5      | Reached XP level 8. HP: 43/52 MP: 8/8
  4839 | D:6      | Killed Menkaure
  4839 | D:6      | Reached skill level 8 in Polearms
  5543 | D:6      | Reached skill level 9 in Polearms
  5776 | D:6      | Reached *** piety under Okawaru
  6594 | D:7      | Found a sand-covered staircase.
  6600 | Ossuary  | Entered an ossuary
  6628 | Ossuary  | Reached skill level 10 in Polearms
  6882 | Ossuary  | Gained mutation: You are partially covered in large bone plates. (SH +4) [demonic ancestry]
  6882 | Ossuary  | Reached XP level 9. HP: 37/58 MP: 6/9
  7606 | D:7      | Found an ornate altar of the Wu Jian Council.
  7645 | D:7      | Found a staircase to the Ecumenical Temple.
  7808 | D:7      | Reached skill level 5 in Fighting
  7978 | D:7      | Reached skill level 5 in Dodging
  8018 | D:7      | Reached **** piety under Okawaru
  8059 | D:7      | Noticed a manticore
  8070 | D:7      | Killed a manticore
  8317 | D:7      | Found a white marble altar of Elyvilon.
  8397 | D:8      | Noticed a two-headed ogre
  8929 | D:8      | Reached ***** piety under Okawaru
  8929 | D:8      | Reached XP level 10. HP: 55/72 MP: 8/11
  9246 | D:8      | Noticed Gastronok
  9522 | D:8      | Found a staircase to the Lair.
  9912 | D:8      | Noticed a three-headed hydra
  9931 | D:8      | Killed a three-headed hydra
 10322 | D:8      | Found a glowing golden altar of the Shining One.
 10716 | Lair:1   | Entered Level 1 of the Lair of Beasts
 10950 | Lair:1   | Noticed a seven-headed hydra
 10977 | Lair:1   | Killed a seven-headed hydra
 10977 | Lair:1   | Received a gift from Okawaru
 11314 | Lair:1   | Reached XP level 11. HP: 31/80 MP: 5/12
 11840 | Lair:1   | Received a gift from Okawaru
 11849 | Lair:1   | Noticed an oklob plant
 11935 | Lair:1   | Reached skill level 10 in Dodging
 12019 | Lair:1   | Reached skill level 1 in Invocations
 12661 | Lair:1   | Noticed Nergalle
 12976 | Lair:2   | Reached ****** piety under Okawaru
 12976 | Lair:2   | Reached skill level 5 in Invocations
 13040 | Lair:2   | Found a staircase to the Snake Pit.
 13117 | Lair:2   | Got an encrusted ring mail
 13124 | Lair:2   | Identified the +3 ring mail of Compression {Regen+ Dex+3 Slay+3} (You found it on level 2 of the Lair of Beasts)
 13695 | Snake:1  | Entered Level 1 of the Snake Pit
 13695 | Snake:1  | Noticed a naga warrior
 13695 | Snake:1  | Noticed a mana viper
 13695 | Snake:1  | Noticed a sea snake
 13695 | Snake:1  | Noticed a sea snake
 13695 | Snake:1  | Noticed a sea snake
 13697 | Snake:1  | Noticed a naga warrior
 13711 | Lair:2   | Killed a sea snake
 13711 | Lair:2   | Received a gift from Okawaru
 13884 | Lair:3   | Found a frozen archway.
 13908 | IceCv    | Entered an ice cave
 14236 | IceCv    | Received a gift from Okawaru
 14239 | IceCv    | Got an ebony spear {god gift}
 14240 | IceCv    | Identified the +6 spear of Icawik {vamp, Int+5} (Okawaru gifted it to you in an ice cave)
 14326 | IceCv    | Reached skill level 11 in Polearms
 14426 | IceCv    | Reached XP level 12. HP: 85/85 MP: 17/20
 14451 | IceCv    | Noticed a death yak
 14492 | IceCv    | Killed a death yak
 14515 | IceCv    | Reached skill level 12 in Polearms
 14588 | IceCv    | Noticed a frost giant
 14624 | IceCv    | Killed a frost giant
 14624 | IceCv    | Received a gift from Okawaru
 14654 | IceCv    | Got a pair of translucent boots {god gift}
 14660 | IceCv    | Identified the +1 pair of boots of the Trilobite {rPois rC+ Regen+} (Okawaru gifted it to you in an ice cave)
 15214 | Lair:3   | Reached skill level 13 in Polearms
 15367 | Lair:3   | Noticed a death yak
 15367 | Lair:3   | Noticed a death yak
 15387 | Lair:3   | Killed a death yak
 15414 | Lair:3   | Killed a death yak
 15552 | Lair:3   | Reached skill level 14 in Polearms
 16011 | Lair:4   | Found a staircase to the Swamp.
 16019 | Swamp:1  | Entered Level 1 of the Swamp
 16134 | Swamp:1  | Noticed a seven-headed hydra
 16142 | Swamp:1  | Killed a seven-headed hydra
 16142 | Swamp:1  | Reached skill level 10 in Fighting
 16142 | Swamp:1  | Reached XP level 13. HP: 63/92 MP: 7/21
 16289 | Swamp:1  | Received a gift from Okawaru
 16621 | Swamp:1  | Reached skill level 5 in Throwing
 17262 | Swamp:2  | Received a gift from Okawaru
 17267 | Swamp:2  | Got a translucent halberd {god gift}
 17268 | Swamp:2  | Identified the +5 halberd of the Modern Tales {speed, *Noise +Rage Str+2 Dex+3} (Okawaru gifted it to you on level 2 of the Swamp)
 17957 | Swamp:3  | Noticed a thorn hunter
 17978 | Swamp:3  | Killed a thorn hunter
 17978 | Swamp:3  | Reached skill level 5 in Evocations
 17983 | Swamp:3  | Identified a scroll of acquirement
 17984 | Swamp:3  | Found the +1 cloak of Starlight {rElec rC+ EV+4 Stlth--}
 18004 | Swamp:3  | Noticed a thorn hunter
 18031 | Swamp:3  | Killed a thorn hunter
 18031 | Swamp:3  | Received a gift from Okawaru
 18031 | Swamp:3  | Gained mutation: You are mostly covered in large bone plates. (SH +6) [demonic ancestry]
 18031 | Swamp:3  | Reached XP level 14. HP: 70/101 MP: 13/22
 18095 | Swamp:3  | Received a gift from Okawaru
 18137 | Swamp:3  | Noticed a thorn hunter
 18161 | Swamp:3  | Killed a thorn hunter
 18363 | Swamp:3  | Noticed Roxanne
 18365 | Swamp:3  | Noticed a thorn hunter
 18384 | Swamp:3  | Killed a thorn hunter
 18407 | Swamp:4  | Entered Level 4 of the Swamp
 18722 | Swamp:4  | Noticed a thorn hunter
 18764 | Swamp:4  | HP: 5/101 [thorn hunter (8)]
 18771 | Swamp:4  | Killed a thorn hunter
 18912 | Swamp:4  | Received a gift from Okawaru
 19013 | Swamp:4  | Received a gift from Okawaru
 19122 | Swamp:4  | Received a gift from Okawaru
 19378 | Swamp:4  | Received a gift from Okawaru
 19402 | Swamp:4  | Gained mutation: You are partially covered in sharp spines. [demonic ancestry]
 19402 | Swamp:4  | Reached XP level 15. HP: 106/106 MP: 15/23
 19443 | Swamp:4  | Noticed the 27-headed Lernaean hydra
 19520 | Swamp:4  | HP: 4/106 [the 27-headed Lernaean hydra (6)]
 19520 | Swamp:4  | Slain by the 27-headed Lernaean hydra

Skill      XL: |  1  2  3  4  5  6  7  8  9 10 11 12 13 14 |
---------------+-------------------------------------------+-----
Throwing       | 2 8 |  8.0
Dodging        | 3 6 9 10 13 | 13.8
Polearms       | 3 4 6 7 10 11 14 | 14.0
Fighting       | 3 7 9 10 11 | 11.0
Invocations    | 9 |  9.0
Evocations     | 6 |  6.3

Action                   |  1- 3 |  4- 6 |  7- 9 | 10-12 | 13-15 || total
-------------------------+-------+-------+-------+-------+-------++-------
Melee: Trident           |   130 |   166 |   557 |   383 |       ||  1236
       Headbutt          |    10 |    22 |   130 |   208 |   273 ||   643
       Glaive            |       |       |       |   112 |       ||   112
       Spear             |       |       |       |   349 |   971 ||  1320
       Punch             |       |       |       |     1 |       ||     1
       Halberd           |       |       |       |       |    25 ||    25
Throw: Throwing net      |       |       |     2 |     1 |       ||     3
       Tomahawk          |       |       |       |     1 |    15 ||    16
       Javelin           |       |       |       |       |     7 ||     7
Invok: Heroism           |       |     1 |       |     3 |     4 ||     8
       Finesse           |       |       |       |     5 |     5 ||    10
Evoke: Wand              |       |       |       |     3 |     1 ||     4
       Lamp of fire      |       |       |       |     1 |     1 ||     2
  Use: Scroll            |     4 |     3 |    14 |    13 |    11 ||    45
       Potion            |     1 |     3 |    11 |     5 |     7 ||    27
 Stab: Sleeping          |     2 |     2 |     3 |     2 |     1 ||    10
       Held in net/web   |       |       |     2 |     1 |       ||     3
       Confused          |       |       |       |       |     2 ||     2
  Eat: Chunk             |     3 |     6 |    14 |    18 |     6 ||    47
       Ration            |       |       |     1 |     3 |     3 ||     7
Armor: Leather armour    |    26 |    27 |   108 |    27 |       ||   188
       Ring mail         |       |       |       |    55 |   129 ||   184
Dodge: Dodged            |    74 |    84 |   251 |   315 |   451 ||  1175
Block: Other             |       |       |    18 |    67 |   129 ||   214
